 Dungeon Crawl Stone Soup version 0.25-a0-610-gd0df705f03 (webtiles) character file.

Game seed: 6259907670076626209, levelgen mode: deterministic

4 n0claF the Shooter (level 1, 0/16 HPs)
             Began as a Human Hunter on Mar 16, 2020.
             Slain by a hobgoblin
             ... wielding a +0 club
              (3 damage)
             ... on level 1 of the Dungeon.
             The game lasted 00:00:51 (345 turns).

n0claF the Shooter (Human Hunter)                    Turns: 345, Time: 00:00:51

Health: 0/16       AC:  3    Str: 12    XL:     1   Next: 77%
Magic:  1/1        EV: 12    Int: 11    God:
Gold:   16         SH:  0    Dex: 13    Spells: 0/0 levels left

rFire    . . .     SeeInvis .   f - +0 whip
rCold    . . .     Gourm    .   (no shield)
rNeg     . . .     Faith    .   c - +0 leather armour
rPois    .         Spirit   .   (no helmet)
rElec    .         Reflect  .   (no cloak)
rCorr    .         Harm     .   (no gloves)
MR       .....                  (no boots)
Stlth    +.........             (no amulet)
HPRegen  0.05/turn              (no ring)
MPRegen  0.07/turn              (no ring)

@: no status effects
A: no striking features
a: no special abilities


You were on level 1 of the Dungeon.
You were not hungry.

You visited 1 branch of the dungeon, and saw 1 of its levels.

You collected 16 gold pieces.

Inventory:

Hand Weapons
 a - a +1 shortbow
 b - a +0 short sword
 f - a +0 whip (weapon)
   (You found it on level 1 of the Dungeon)
Missiles
 d - 40 arrows
Armour
 c - a +0 leather armour (worn)
Scrolls
 h - a scroll of enchant weapon {unknown}
Comestibles
 e - a ration {!d}
 g - 2 chunks of flesh


   Skills:
 + Level 2.1 Fighting
 * Level 4.1 Bows
 - Level 2.0 Dodging
 + Level 1.2 Stealth


You couldn't memorise any spells.
You didn't know any spells.
Your spell library was empty.

Dungeon Overview and Level Annotations

Branches:
Dungeon (1/15)

Altars:


Message History

The kobold closely misses you.
You hit the kobold but do no damage. The kobold barely misses you.
You closely miss the kobold. The kobold closely misses you.
You hit the kobold but do no damage. The kobold barely misses you.
You miss the kobold. The kobold closely misses you.
You closely miss the kobold. The kobold hits you but does no damage.
The kobold closely misses you.
You closely miss the kobold. The kobold hits you but does no damage.
You hit the kobold but do no damage. The kobold hits you.
You hit the kobold. The kobold hits you but does no damage.
You miss the kobold. The kobold closely misses you.
You barely miss the kobold. The kobold closely misses you.
You closely miss the kobold. The kobold barely misses you.
You closely miss the kobold. The kobold hits you.
You hit the kobold but do no damage. The kobold closely misses you.
You closely miss the kobold. The kobold barely misses you.
You closely miss the kobold. The kobold closely misses you. x2
You completely miss the kobold. The kobold hits you but does no damage.
You hit the kobold.
You kill the kobold!
No target in view!
You start resting.
Some of the chunks of flesh in your inventory have rotted away. x2
You now have 16 gold pieces (gained 2).
d - 40 arrows (gained 20)
A hobgoblin comes into view. It is wielding a +0 club.
The helpless hobgoblin fails to defend itself.
You hit the hobgoblin. The hobgoblin hits you with a +0 club.
You closely miss the hobgoblin. The hobgoblin misses you.
You closely miss the hobgoblin. The hobgoblin hits you with a +0 club.
You hit the hobgoblin but do no damage. The hobgoblin hits you with a +0 club.
* * * LOW HITPOINT WARNING * * *
You closely miss the hobgoblin. The hobgoblin misses you.
You closely miss the hobgoblin. The hobgoblin misses you.
You closely miss the hobgoblin.
The hobgoblin hits you but does no damage.
You closely miss the hobgoblin. The hobgoblin barely misses you.
You hit the hobgoblin but do no damage.
The hobgoblin hits you but does no damage.
You hit the hobgoblin. The hobgoblin closely misses you.
You hit the hobgoblin but do no damage.
The hobgoblin hits you but does no damage.
You barely miss the hobgoblin. The hobgoblin hits you with a +0 club.
* * * LOW HITPOINT WARNING * * *
You barely miss the hobgoblin.
The hobgoblin hits you but does no damage.
You barely miss the hobgoblin. The hobgoblin hits you with a +0 club.
* * * LOW HITPOINT WARNING * * *
You hit the hobgoblin. The hobgoblin hits you with a +0 club.
You die...

#.# #.# ###.### #.....#
#.....# #.....# #.....#
#...@g##..# # ##.#####..# .#
# #.........#######.#.#
##..♣♣♣♣...##........# #..♣♣
♣...##....... #..♣
♣.........# # #..♣
♣......÷..##.# ...#####..♣
♣............#
...[..†...♣♣♣♣♣.........####


You could see a hobgoblin.

Vanquished Creatures
  A ball python (D:1)
  A goblin (D:1)
  A kobold (D:1)
  A frilled lizard (D:1)
4 creatures vanquished.

Notes
Turn   | Place    | Note
-------+----------+-------------------------------------------
     0 | D:1      | n0claF the Human Hunter began the quest for the Orb.
     0 | D:1      | Reached XP level 1. HP: 16/16 MP: 1/1
   345 | D:1      | Slain by a hobgoblin

Levels and vault maps discovered:
D:1:      sevenhm_arrival_forest_fort_large_2, layout_loops_ring, nrook_campfire

Action                   || total
-------------------------++-------
Melee: Whip              ||    46
 Stab: Sleeping          ||     1
Armor: Leather armour    ||    10
Dodge: Dodged            ||    26

Table legend:
 A = Non-vault XP
 B = Vault XP
 C = Vault XP percentage of total XP
 D = Non-vault monster count
 E = Vault monster count
 F = Vault count percentage of total count
                 A         B        C        D         E       F
            +---------+---------+-------+---------+---------+-------
      Total |       7 |       0 |   0.0 |       4 |       0 |   0.0
            +---------+---------+-------+---------+---------+-------
        D:1 |       7 |       0 |   0.0 |       4 |       0 |   0.0
            +---------+---------+-------+---------+---------+-------
